[Event "*** Titled Tuesday Blitz"]
[Site "Chess.com"]
[Date "2021.03.02"]
[Round "8"]
[White "Mr_Sinigami"]
[Black "Rsnr"]
[Result "1/2-1/2"]
[WhiteElo "2632"]
[BlackElo "2775"]
[TimeControl "180+1"]
[EndTime "11:31:56 PST"]
[Termination "Game drawn by repetition"]

1. d4 d5 2. Bf4 c5 3. e3 Nc6 4.
c3 Qb6 5. Qc1 Bf5 6. dxc5 Qxc5 7. Nf3 e6 8. Nbd2 Rc8 9. Be2 Nf6 10. h3 h6 11. Nd4 Bg6 12. O-O Be7 13. a4 O-O 14. a5 a6 15. b4 Qa7 16. Qb2 Nd7 17. b5 Nxd4 18. exd4 axb5 19. Bxb5 Rfd8 20. Nf3 Be4 21. Nd2 Bg6 22. Rfc1 Nf6 23. Nf3 Ne4 24. Ne5 Bh7 25. Nd7 Bd6 26. Be3 Bc7 27. c4 dxc4 28. d5 Qa8 29. dxe6 fxe6 30. Bxc4 Rxd7 31.
Bxe6+ Rf7 32. Bxf7+ Kxf7 33. Qb3+ Kf8 34. Qb4+ Bd6 35.
Qd4 Rd8 36. Qc4 Qa6 37. Qb3 Be5 38. Rab1 Nd6 39. Qd5 Bxb1 40. Qxe5 Bg6 41. Bc5 Kf7 42. Qd5+ Kf8 43. Rd1 Bf7 44. Bxd6+ Kg8 45. Qe5 Qc6 46. Rd4 Rd7 47. Kh2 Qc2 48. Bc5 Rxd4 49. Bxd4 Qg6 50. f4 Kh7 51. f5 Qg5 52. f6 gxf6 53. Qxf6 Qxf6 54. Bxf6 Kg6 55. Bd4 Kf5 56. Bb6 Bd5 57.
g4+ Kg6 58. Kg3 h5 59. Kf4 hxg4 60. hxg4 Bc6 61. Bc5 Bb5 62. Be3 Bc6 63. Ke5 Bf3 64. g5 Bc6 65. Kd6 Bf3 66. Kc5 Bg2 67. Kb6 Bf3 68. Kc5 Bg2 69. Kd6 Bf3 70. Kc7 Bg2 71.
Kb6 Bf3 72. Bd2 Bg2 73. Kb5 Bf3 74. Kc5 Bg2 75. Kd6 Bf3 76. Kc7 Bg2 77. Kb8 Bf3 78. Kc7 Bg2 79. Bc1 Bf3 80. Kb6 Bg2 81. a6 bxa6 82.
Kxa6 Be4 83. Kb6 Kh5 84. Kc5 Kg6 85. Kd6 Bf5 86. Ke5 Bh3 87. Kf4 Bf5 88. Ke5 Bc8 89.
Kd6 Bf5 90. Kc7 Bh3 91. Kd6 Bf5 1/2-1/2

[Event "*** Titled Tuesday Blitz"]
[Site "Chess.com"]
[Date "2021.03.02"]
[Round "8"]
[White "LionTheLeon_06"]
[Black "PrinceMurad09"]
[Result "0-1"]
[WhiteElo "2700"]
[BlackElo "2562"]
[TimeControl "180+1"]
[EndTime "11:32:00 PST"]
[Termination "PrinceMurad09 won on time"]

1. d4 Nf6 2. c4 c5 3. d5 b5 4.
cxb5 a6 5. bxa6 g6 6. Nc3 Bg7 7. e4 Qa5 8. Bd2 Bxa6 9. Nf3 d6 10. Bxa6 Qxa6 11. Qe2 O-O 12. Qxa6 Nxa6 13. Ke2 Rfb8 14.
Rab1 Nd7 15. Rhc1 f5 16. exf5 gxf5 17. Nh4 Rf8 18. Rd1 Nb6 19. b3 Nb4 20. a4 N6xd5 21. Nxd5 Nxd5 22. Rdc1 e6 23. g3 Rfb8 24. Ng2 Kf7 25.
Ne3 Nb4 26. f4 Bd4 27. Nc4 Ke7 28. Na3 Nd5 29. Nb5 Bf6 30. Kd3 h5 31. Re1 Kd7 32.
Re2 Re8 33. Rbe1 Bd8 34. Kc2 Ba5 35. Rd1 Bxd2 36. Rdxd2 Nb4+ 37. Kb2 d5 38. Re3 d4 39.
Re5 Nd5 40. Na3 Reb8 41. Nb5 Rb6 42. Kc2 Nb4+ 43. Kb2 Nd5 44. Kc2 Rxb5 45. axb5 Nb4+ 46. Kb1 Ra3 47. Rde2 Rxb3+ 48. Kc1 d3 49. Rd2 c4 50. Rc5 c3 51. Rf2 d2+ 52. Rxd2+ cxd2+ 53. Kxd2 Nd5 54. Rc6 Rxb5 55. Ra6 Rb2+ 56. Kd3 Rxh2 57. Kd4 Rd2+ 58. Ke5 Re2+ 59. Kd4 Ke7 60. Ra8 Rg2 61. Ke5 Re2+ 62.
Kd4 Rg2 63. Ke5 Rxg3 64. Ra7+ Kd8 65. Kxe6 Nc7+ 66. Kxf5 h4 67. Ra1 h3 68. Rh1 Ke7 69. Ke5 Ne8 70. f5 Nf6 71. Kf4 Nh5+ 72. Ke5 Rf3 73. Rh2 Re3+ 74. Kd4 Rf3 75. Ke5 Re3+ 76. Kd4 Rg3 77. Ke5 Kf7 78. Rb2 Rg2 79. Rb7+ Kg8 80.
Rb8+ Kh7 81. Rb3 Ng3 82. Rb4 Re2+ 83. Kf6 Nxf5 84. Kxf5 Rf2+ 85. Kg4 h2 0-1

[Event "*** Titled Tuesday Blitz"]
[Site "Chess.com"]
[Date "2021.03.02"]
[Round "8"]
[White "KonstantinB_1983"]
[Black "Misticpikachu"]
[Result "0-1"]
[WhiteElo "2531"]
[BlackElo "2435"]
[TimeControl "180+1"]
[EndTime "11:32:15 PST"]
[Termination "Misticpikachu won by checkmate"]

1. d4 e6 2. c4 d5 3. Nf3 Nf6 4. Nc3 Be7 5. Bg5 O-O 6. e3 b6 7. Qc2 Bb7 8. Bxf6 Bxf6 9. cxd5 exd5 10. Be2 c5 11. Rd1 cxd4 12. Nxd4 Nc6 13. Nxc6 Bxc6 14.
O-O Re8 15. Bf3 Rc8 16. Qb3 Qc7 17. Bxd5 Bxc3 18. Qxc3 Bxd5 19. Qxc7 Rxc7 20. Rxd5 Rc2 21. Rb5 Rd8 22. a4 Rdd2 23. b3 Ra2 24. g3 g6 25.
h4 h5 26. Kg2 Kg7 27. Kf3 Rab2 28. a5 bxa5 29. Rxa5 Rd7 30. Ra3 Rb7 31. Rfa1 Rb5 32.
R1a2 Rf5+ 33. Ke4 Rfxf2 34. Rxb2 Rxb2 35. Kf4 Rf2+ 36. Ke4 Rg2 37. Kf3 Rb2 38. e4 Kf6 39.
Kf4 Rf2+ 40. Ke3 Rg2 41. Ra6+ Ke5 42. Ra5+ Kf6 43. Kf4 Rf2+ 44. Ke3 Rb2 45. Rb5 Rg2 46. Kf3 Rb2 47. b4 Ke6 48. Rb7 Rb3+ 49. Kf4 Kf6 50. Rb5 Kg7 51. Rb7 a5 52. b5 a4 53.
e5 Rb4+ 54. Kf3 Rb3+ 55. Kg2 Re3 56. Re7 a3 57. b6 a2 58. Ra7 Rxe5 59. Rxa2 Rb5 60.
Ra6 Kh6 61. Kf3 f6 62. Kf4 g5+ 63. Kf3 g4+ 64. Ke3 Kg6 65. Kf4 Rb4+ 66. Ke3 Kf5 67.
Ra5+ Kg6 68. Ra6 Rb3+ 69. Kf2 Kf5 70. Ra5+ Kg6 71. Ra6 f5 72. b7+ Kf7 73. Ra7 Kf6 74. Ke2 Ke5 75. Kd2 Rb2+ 76. Kc3 Rb6 77. Kc4 f4 78. Ra5+ Ke4 79. Rb5 Rxb7 80. Rxb7 fxg3 81.
Kc3 g2 82. Rb1 Kf3 83. Kd2 Kf2 84. Kd3 g1=Q 85. Rxg1 Kxg1 86. Ke3 Kh2 87. Kf4 g3 88. Kg5 g2 89. Kh6 g1=Q 90. Kh7 Kg3 91. Kh6 Kxh4 92. Kh7 Kg4 93. Kh6 Kf5 94. Kh7 h4 95. Kh6 h3 96. Kh7 h2 97. Kh6 h1=Q# 0-1

[Event "*** Titled Tuesday Blitz"]
[Site "Chess.com"]
[Date "2021.03.02"]
[Round "8"]
[White "shnitez"]
[Black "ChessFighter1975"]
[Result "0-1"]
[WhiteElo "2491"]
[BlackElo "2354"]
[TimeControl "180+1"]
[EndTime "11:32:20 PST"]
[Termination "ChessFighter1975 won by checkmate"]

1. c4 d6 2. Nc3 Nf6 3. g3 g6 4. Bg2 Bg7 5. e4 O-O 6. Nge2 e5 7. O-O c5 8. d3 Nc6 9. h3 h6 10. f4 Nd4 11. Nxd4 cxd4 12. Nb1 Nh5 13. Kh2 exf4 14. gxf4 f5 15. exf5 Bxf5 16. Bxb7 Qh4 17. Qf3 Rab8 18. Bd5+ Kh7 19. b3 Rbe8 20. a3 Re3 21. Bxe3 dxe3 22. Ra2 Nxf4 23. Qg3 e2 24. Re1 Qh5 25. Bf3 Qxh3+ 26.
Qxh3 Bxh3 27. Be4 Bf5 28. Raxe2 Nxe2 29. Rxe2 Bxe4 30. dxe4 Rf3 31. b4 Be5+ 32. Kg2 Rg3+ 33. Kf2 Rb3 34. Nd2 Rxa3 35. Nf3 Bf4 36. e5 dxe5 37. Nxe5 g5 38. c5 Rc3 39. Nf3 h5 40. Re6 g4 41. Nd4 g3+ 42. Kg2 h4 43. Nf5 Rc2+ 44.
Kh3 g2 45. Re1 Bd2 46. Rg1 Bxb4 47. Rxg2 Rxg2 48. Kxg2 Bxc5 49. Nxh4 a5 50. Kf3 a4 51. Ke2 a3 52. Nf3 a2 53. Ng5+ Kg6 54. Ne4 a1=Q 55. Nxc5 Qa2+ 56. Kd3 Qa3+ 57. Kc4 Qa2+ 58. Kd4 Qa1+ 59.
Kd5 Kf5 60. Kc6 Qc1 61. Kb5 Qb1+ 62. Kc4 Ke5 63. Nd3+ Ke4 64. Nc5+ Ke3 65. Kd5 Qd1+ 66. Kc6 Kd4 67. Ne6+ Kc4 68. Nc7 Qh1+ 69. Kd6 Qh6+ 70. Kd7 Kc5 71. Ne8 Qh7+ 72. Ke6 Kc6 73. Nf6 Qh6 74.
Ke5 Qg5+ 75. Ke6 Qg1 76. Ke5 Qe1+ 77. Ne4 Qe3 78. Kf5 Qf3+ 79. Ke5 Qf1 80. Kd4 Qd1+ 81. Ke5 Qe1 82. Kd4 Qg1+ 83. Ke5 Kd7 84. Nf6+ Ke7 85. Nd5+ Kf7 86. Nf4 Qe1+ 87. Kf5 Qb1+ 88. Ke5 Qb5+ 89. Ke4 Kf6 90. Nd5+ Ke6 91. Nf4+ Kd6 92. Kf3 Qf1+ 93. Ke4 Qe1+ 94. Kf5 Qb1+ 95. Kg4 Ke5 96. Nh3 Ke4 97. Ng5+ Ke3 98. Kh5 Qg1 99. Kg6 Kf4 100. Kh7 Qxg5 101. Kh8 Kf5 102. Kh7 Kf6 103. Kh8 Qg7# 0-1

[Event "*** Titled Tuesday Blitz"]
[Site "Chess.com"]
[Date "2021.03.02"]
[Round "8"]
[White "Gusarov91"]
[Black "SanQui14"]
[Result "1/2-1/2"]
[WhiteElo "2518"]
[BlackElo "2393"]
[TimeControl "180+1"]
[EndTime "11:32:21 PST"]
[Termination "Game drawn - insufficient material"]

1. d4 Nf6 2. Nf3 g6 3. c4 Bg7 4.
Nc3 d5 5. Bf4 O-O 6. e3 c5 7.
dxc5 Qa5 8. Rc1 Ne4 9. Be5 Nxc3 10. Bxc3 Bxc3+ 11. Rxc3 Qxa2 12. cxd5 Qxb2 13. Qc1 Qxc1+ 14. Rxc1 Bf5 15. c6 bxc6 16. dxc6 Be4 17. Nd2 Bxc6 18.
f3 Bb7 19. Rb1 Ba6 20. Rxb8 Rfxb8 21. Bxa6 Rb6 22. Bc4 Rb2 23. Ke2 a5 24. Ra1 Rd8 25. Bd3 Ra8 26. Ra4 e6 27. h4 h5 28. f4 Kf8 29. e4 Ke7 30. Ke3 Rb4 31. Rxb4 axb4 32.
e5 Ra3 33. Kd4 b3 34. Bb1 b2 35. Kc4 Rg3 36. Be4 Rg4 37. Kc3 b1=Q 38. Bxb1 Rxf4 39. g3 Ra4 40. Bc2 Ra3+ 41. Bb3 Ra1 42. Ne4 Re1 43. Bc2 Kf8 44. Kd4 Kg7 45. Bd3 Rg1 46. Ke3 Ra1 47.
Kf4 Ra3 48. Bc4 Ra4 49. Bb5 Rb4 50. Be8 Kf8 51. Bc6 Ke7 52. Kf3 Kd8 53. Ng5 Ke7 54.
Be4 Rb3+ 55. Kf4 Ra3 56. Nh7 Ra4 57. Nf6 Kf8 58. g4 hxg4 59. Kxg4 Kg7 60. Kg5 Ra1 61.
Ne8+ Kf8 62. Nf6 Rg1+ 63. Kf4 Kg7 64. Bf3 Ra1 65. Bg4 Rf1+ 66. Bf3 Re1 67. h5 gxh5 68. Nxh5+ Kf8 69. Nf6 Ke7 70. Ne4 Ra1 71. Bh5 Ra4 72. Bd1 Ra1 73. Bf3 Rf1 74. Nf6 Ra1 75. Ng8+ Kf8 76. Nf6 Ke7 77. Be4 Ra4 78. Nh7 Ra5 79. Bc2 Rc5 80. Bd3 Rd5 81. Ke4 Ra5 82. Nf6 Ra4+ 83. Ke3 Kd8 84. Bh7 Ke7 85. Be4 Ra5 86.
Kf4 Ra4 87. Ng4 Rb4 88. Ne3 f5 89. exf6+ Kxf6 90. Ng4+ Ke7 91. Ne5 Kd6 92. Nf7+ Ke7 93. Ng5 Ra4 94. Nf3 Kf6 95. Ne5 Rb4 96. Nd7+ Ke7 97.
Nc5 Rc4 98. Nd3 Rxe4+ 99. Kxe4 e5 100. Nxe5 1/2-1/2

[Event "*** Titled Tuesday Blitz"]
[Site "Chess.com"]
[Date "2021.03.02"]
[Round "8"]
[White "zacachess"]
[Black "Marty435"]
[Result "0-1"]
[WhiteElo "2435"]
[BlackElo "2553"]
[TimeControl "180+1"]
[EndTime "11:32:22 PST"]
[Termination "Marty435 won by resignation"]

1. e4 c6 2. d4 d5 3. Nd2 dxe4 4.
Nxe4 Nf6 5. Nxf6+ exf6 6. c3 Bd6 7. Bd3 O-O 8. Ne2 Re8 9. O-O Nd7 10. Ng3 Nf8 11.
Ne4 Be7 12. Qf3 Be6 13. Ng3 g6 14. Bd2 f5 15. Rfe1 Bf6 16. Ne2 Bd5 17. Qh3 b5 18.
Nf4 Rxe1+ 19. Bxe1 Bc4 20. Bd2 Bg5 21. b3 Bxd3 22. Qxd3 Bxf4 23. Bxf4 Ne6 24. Be3 a5 25. Rd1 a4 26. g3 axb3 27. axb3 Ra2 28. d5 Qxd5 29.
Qxd5 cxd5 30. Rxd5 Rc2 31. Rxb5 Rxc3 32. Rb7 h5 33. h4 Kg7 34. b4 Rb3 35. b5 Kf6 36. b6 Rb4 37. Rb8 f4 38. gxf4 Kf5 39. b7 Kg4 40. Kg2 Nxf4+ 41. Bxf4 Kxf4 42. Kg1 Kf3 43. Kh2 Rxh4+ 44. Kg1 Rg4+ 45. Kf1 Rb4 46. Ke1 h4 47. Rh8 Rb1+ 48. Kd2 Rxb7 49. Rxh4 Kxf2 50. Rf4+ Kg3 51. Rf6 Kg4 52. Ke3 Kg5 53. Rc6 f5 54. Kf3 Rb3+ 55. Kf2 Kg4 56. Rxg6+ Kf4 57. Rc6 Rb2+ 58.
Kf1 Kg3 59. Rc3+ Kg4 60. Rc8 f4 61. Rf8 Kf3 62. Kg1 Rg2+ 63. Kf1 Rf2+ 64. Kg1 Ke2 65.
Re8+ Kf3 66. Rf8 Ra2 67. Kh1 Ra1+ 68. Kh2 Ra7 69. Rf6 Rh7+ 70. Kg1 Kg3 71. Rg6+ Kf3 72. Rf6 Rc7 73. Rf8 Rc1+ 74. Kh2 Ke3 75. Re8+ Kf2 76. Rf8 f3 77. Kh3 Rh1+ 78. Kg4 Rg1+ 79. Kh3 Ke2 80. Re8+ Kf1 81. Rf8 f2 82. Kh2 Rg7 83. Rf6 Rg5 84. Rf7 Ke2 85. Re7+ Kf3 86. Rf7+ Ke3 87. Re7+ Kf3 88.
Rf7+ Ke2 89. Re7+ Kf1 90. Rf7 Rg4 91. Rf6 Rg2+ 92. Kh1 Rg8 93. Kh2 Rh8+ 94. Kg3 Kg1 95. Rxf2 Rg8+ 96. Kf3 Rf8+ 97. Ke3 Rxf2 0-1

[Event "*** Titled Tuesday Blitz"]
[Site "Chess.com"]
[Date "2021.03.02"]
[Round "8"]
[White "rychessmaster1"]
[Black "ChainsOfFantasia"]
[Result "0-1"]
[WhiteElo "2582"]
[BlackElo "2464"]
[TimeControl "180+1"]
[EndTime "11:32:29 PST"]
[Termination "ChainsOfFantasia won by checkmate"]

1. d4 Nf6 2. Nf3 d5 3. c4 e6 4. Nc3 a6 5. cxd5 exd5 6. Bg5 Be6 7. e3 h6 8. Bh4 Nbd7 9. Rc1 Bd6 10. Bd3 O-O 11. O-O c6 12. Qc2 Bg4 13. Bf5 Bxf5 14. Qxf5 Qe7 15. Rfe1 Qe6 16. Qxe6 fxe6 17. e4 Bb4 18.
exd5 exd5 19. Bxf6 Nxf6 20. Ne5 Ne4 21. f3 Nd6 22.
Re2 Nf5 23. Rd1 Ba5 24. g4 Nd6 25. Kg2 Rae8 26. Rf2 Rf4 27. Ne2 Rf6 28. Ng3 Bb6 29. Nh5 Rff8 30. Re2 Nb5 31. f4 Bxd4 32. Rde1 Bxe5 33.
Rxe5 Rxe5 34. fxe5 Nc7 35. Kg3 Re8 36. Nf4 Ne6 37.
Nxe6 Rxe6 38. Kf4 Kf7 39. h4 Re8 40. h5 Ke6 41. g5 Rf8+ 42. Kg4 Rf5 43. gxh6 gxh6 44.
Kh4 Rg5 45. b4 Rxe5 46. Rg1 Re4+ 47. Kh3 Rxb4 48. Rg6+ Kf5 49. Rxh6 Ra4 50. Rh7 b5 51. Rc7 Rc4 52. h6 Rc1 53. h7 Rh1+ 54. Kg2 Rh6 55.
Rxc6 Rxh7 56. Rxa6 Ke4 57. Kf2 Rc7 58. Ke2 Rc2+ 59. Kd1 Rc5 60. Re6+ Kd4 61. Ra6 Kc4 62. Kd2 b4 63. Rh6 Ra5 64. Rh4+ d4 65. Rh8 Rxa2+ 66.
Kc1 Rg2 67. Rc8+ Kb3 68. Rh8 d3 69. Rd8 Rc2+ 70. Kd1 Rc3 71. Kd2 Kb2 72. Rb8 b3 73.
Rb7 Rc2+ 74. Kxd3 Rc6 75. Rb8 Ka2 76. Kd4 b2 77. Ra8+ Kb1 78. Rb8 Rc1 79. Kd3 Rc2 80.
Rh8 Rc1 81. Rh5 Rc6 82. Ra5 Kc1 83. Rh5 b1=Q+ 84. Kd4 Qb4+ 85. Ke3 Rc3+ 86. Ke2 Qe4+ 87. Kf2 Rf3+ 88. Kg2 Qg4+ 89. Kh2 Rf2+ 90. Kh1 Qg2# 0-1

[Event "*** Titled Tuesday Blitz"]
[Site "Chess.com"]
[Date "2021.03.02"]
[Round "8"]
[White "frederiksvane"]
[Black "tomsishere"]
[Result "0-1"]
[WhiteElo "2657"]
[BlackElo "2510"]
[TimeControl "180+1"]
[EndTime "11:32:39 PST"]
[Termination "tomsishere won by checkmate"]

1. e4 b6 2. d4 Bb7 3. Bd3 e6 4. Nf3 c5 5. O-O cxd4 6. Nxd4 Nc6 7. Nxc6 Bxc6 8. Nc3 Bc5 9. Qg4 Nf6 10. Qxg7 Rg8 11.
Qh6 Rg6 12. Qh4 Be7 13. Qh3 Qc7 14. e5 Rxg2+ 15. Qxg2 Bxg2 16. Kxg2 Qxe5 17. f4 Qh5 18. Rf3 O-O-O 19. Rg3 Rg8 20. Bd2 Rxg3+ 21. hxg3 Nd5 22. Rh1 Qg4 23. Nxd5 exd5 24. Rxh7 Qe6 25. Bc3 d4 26. Bd2 Qd5+ 27. Kf2 Bc5 28. b3 a5 29. a4 Bb4 30. Bxb4 axb4 31. Rg7 Qe6 32. Rg5 f6 33. Rb5 Qe3+ 34. Kg2 Kc7 35. Kh3 Qe1 36. Kg4 Qe6+ 37. Kh4 d5 38. Rxb4 f5 39. Kh3 Qe1 40. Bxf5 Qxb4 41.
Bd3 Qd6 42. Kg4 Qf6 43. Kf3 Kd6 44. g4 Qe7 45. g5 Qe6 46. Kg3 Qe3+ 47. Kg4 Ke6 48.
Bf5+ Kf7 49. Bd3 Qg1+ 50. Kf3 Ke6 51. Bg6 Qd1+ 52. Kg3 Qe1+ 53. Kf3 Qf1+ 54. Kg3 Qe2 55. Bd3 Qe3+ 56. Kg4 Qg1+ 57. Kf3 Qh2 58. Bg6 Ke7 59. Bd3 Kf7 60. Bf5 Qd2 61. Bd3 Qe3+ 62. Kg4 Kg7 63. Bf5 Qf2 64. Bd3 Qg2+ 65. Kf5 Qh3+ 66. Ke5 Qd7 67.
Bf5 Qc7+ 68. Kxd5 Qc5+ 69. Ke6 Qc8+ 70. Ke5 Qc5+ 71. Ke6 Qc3 72. Bd3 Qd2 73. Kf5 Qe3 74. Kg4 Kf7 75. f5 Ke7 76. f6+ Kf7 77.
Bc4+ Kg6 78. Bd3+ Kf7 79. Bc4+ Kf8 80. g6 Qe4+ 81. Kg5 Qe5+ 82. Kg4 Qxf6 83. Bd3 Kg7 84. Kg3 Qd6+ 85. Kf3 Qe5 86. b4 Kf6 87. Kg4 Qe3 88. a5 Qg5+ 89. Kf3 bxa5 90. bxa5 Qxa5 91. Kf4 Qe5+ 92.
Kg4 Qe3 93. Kh4 Qg5+ 94. Kh3 Ke5 95. Kh2 Kf4 96. g7 Qxg7 97. Kh1 Kf3 98. Be4+ Kxe4 99. c4 Kf3 100. Kh2 Qg2# 0-1

[Event "*** Titled Tuesday Blitz"]
[Site "Chess.com"]
[Date "2021.03.02"]
[Round "8"]
[White "jacky72"]
[Black "agartha01"]
[Result "1/2-1/2"]
[WhiteElo "2699"]
[BlackElo "2539"]
[TimeControl "180+1"]
[EndTime "11:33:12 PST"]
[Termination "Game drawn by repetition"]

1. d4 d5 2. c4 c6 3. Nf3 Nf6 4. Nc3 e6 5. Bg5 Nbd7 6. e3 Be7 7. cxd5 exd5 8. Bd3 O-O 9. Qc2 Re8 10. h3 Nf8 11. Bf4 Ng6 12. Bh2 Bd6 13. Bxd6 Qxd6 14. O-O Qe7 15. Rab1 Ne4 16. Nd2 f5 17. b4 Nh4 18.
Nf3 Nxf3+ 19. gxf3 Ng5 20. f4 Nxh3+ 21. Kg2 Qh4 22.
Bxf5 Nxf4+ 23. exf4 Qxf4 24. Bxh7+ Kf8 25. Ne2 Rxe2 26.
Qg6 Qh4 27. Rb3 Re6 28. Rf3+ Rf6 29. Rxf6+ Qxf6 30. Qxf6+ gxf6 31. Bd3 Be6 32. Rh1 Bg8 33. Rh6 Kg7 34. Rg6+ Kf7 35. Rg3 Kf8 36. Rg6 Kf7 37. Rg4 Kf8 38. Bg6 Be6 39. Rh4 Kg7 40. Bd3 Rh8 41. Rf4 Rh3 42. f3 Rh8 43. a4 Kf7 44. b5 cxb5 45. axb5 Ke7 46. Kf2 Rh2+ 47. Ke3 Kf7 48.
Bb1 Rb2 49. Bd3 Bd7 50. Rh4 b6 51. Rh7+ Ke8 52. Rh8+ Ke7 53. Rh7+ Kd6 54. Rf7 Bxb5 55. Bxb5 Rxb5 56. Rxa7 Rb3+ 57. Kf4 Rb4 58. Kf5 Rxd4 59. Rb7 Kc6 60. Rb8 Rd3 61. f4 Rf3 62. Rf8 d4 63. Rxf6+ Kc5 64. Ke4 Rf1 65. Rf8 Re1+ 66. Kd3 Re3+ 67. Kd2 Rh3 68. f5 b5 69. f6 Rf3 70. f7 Kb4 71. Ke2 Rf6 72. Kd3 Rf4 73.
Kd2 Kb3 74. Rb8 Rxf7 75. Rxb5+ Kc4 76. Rh5 Rf2+ 77. Ke1 Ra2 78. Rh3 Rc2 79. Kd1 Rc3 80. Rh8 Rd3+ 81. Kc2 Rc3+ 82. Kd2 Rd3+ 83. Kc2 Rc3+ 84. Kd2 Rd3+ 85. Ke2 Re3+ 86. Kf2 Kd3 87. Ra8 Re7 88. Ra3+ Ke4 89. Ke2 Rh7 90. Rg3 Rh2+ 91. Kd1 Kd5 92. Rg8 Kc4 93. Rg3 Ra2 94.
Rh3 Rb2 95. Kc1 Rb3 96. Rh8 Rg3 97. Kd2 Rg2+ 98. Kd1 Kc3 99. Rc8+ Kd3 100. Kc1 Rg1+ 101. Kb2 Kd2 102. Rh8 Rg2 103. Rh1 d3 104. Kb3 Rg6 105. Rh2+ Ke3 106. Rh3+ Ke2 107. Rh2+ Kd1 108. Kc3 d2 109. Rh1+ Ke2 110. Rh2+ Ke3 111. Rh3+ Ke2 112. Rh2+ Ke3 113. Rh3+ Ke2 114. Rh2+ 1/2-1/2

[Event "*** Titled Tuesday Blitz"]
[Site "Chess.com"]
[Date "2021.03.02"]
[Round "8"]
[White "Arvids_Andrejevs"]
[Black "Zeeduin"]
[Result "1/2-1/2"]
[WhiteElo "2377"]
[BlackElo "2895"]
[TimeControl "180+1"]
[EndTime "11:33:55 PST"]
[Termination "Game drawn by 50-move rule"]

1. e4 e5 2. Nf3 Nc6 3. Nc3 f5 4.
exf5 Nf6 5. d4 e4 6. Ne5 d6 7. Nxc6 bxc6 8. g4 d5 9. g5 Bxf5 10. gxf6 Qxf6 11. Be3 Rb8 12. Qh5+ g6 13. Qg5 Qxg5 14.
Bxg5 Rxb2 15. O-O-O Ba3 16. Nb1 Rxa2+ 17. Nxa3 Rxa3 18.
Kd2 Ra2 19. Rb1 Kd7 20. Be3 a5 21. h4 a4 22. Bh3 Rf8 23. Bxf5+ Rxf5 24. Rb8 Rf3 25.
h5 c5 26. dxc5 d4 27. Bxd4 Rd3+ 28. Ke2 Rxd4 29. hxg6 hxg6 30. Ke3 Rc4 31. Rh7+ Ke6 32. Rxc7 Raxc2 33. Rb6+ Kf5 34. Rf7+ Kg5 35. Ra6 R2c3+ 36. Ke2 Rxc5 37. Rxa4 Re5 38. Rd4 Ra3 39. Kf1 Kh6 40. Rd6 e3 41. fxe3 Raxe3 42. Rff6 Rg5 43. Kf2 Ra3 44.
Rd8 Ra2+ 45. Kf3 Rg1 46. Rff8 Rf1+ 47. Kg3 Ra3+ 48. Kg2 Rxf8 49. Rxf8 Kg5 50. Rb8 Ra4 51. Rb3 Kh4 52. Kh2 Ra2+ 53. Kg1 g5 54. Kf1 Rc2 55. Kg1 Kg4 56. Kf1 Rc4 57. Kg1 Rf4 58. Kg2 Re4 59. Kg1 Re6 60. Kg2 Rf6 61. Kg1 Rf3 62. Rb4+ Kg3 63.
Rb2 Ra3 64. Rg2+ Kf4 65. Rf2+ Rf3 66. Rb2 g4 67. Kg2 Rg3+ 68. Kf2 Ra3 69. Rb4+ Kg5 70. Kg2 Kh4 71. Rb2 Rc3 72. Rd2 Rh3 73. Ra2 Rg3+ 74.
Kh2 Rf3 75. Kg2 Rb3 76. Rc2 Rb4 77. Kf2 Kh3 78. Rc3+ Kh2 79. Rc8 g3+ 80. Kf3 Rb3+ 81. Ke2 g2 82. Rh8+ Kg1 83. Rg8 Rb7 84. Kf3 Rf7+ 85.
Ke2 Rf5 86. Rg7 Rf2+ 87. Ke1 Ra2 88. Rh7 Ra3 89. Ke2 Ra4 90. Rg7 Re4+ 91. Kf3 Re8 92. Rxg2+ Kf1 93. Rf2+ Ke1 94. Ra2 Rf8+ 95. Ke3 Kd1 96.
Kd3 Kc1 97. Rc2+ Kb1 98. Rc4 Rd8+ 99. Rd4 Rg8 100. Re4 Kb2 101. Re3 Kb3 102. Ke4+ Kc4 103. Kf3 Rf8+ 104. Ke2 Kd4 105. Rf3 Re8+ 106. Kf2 Ra8 107. Rf4+ Kd3 108. Rf3+ Ke4 109. Re3+ Kd4 110. Rf3 Ra2+ 111. Kg3 Ke4 112. Rf4+ Ke5 113. Rf3 Re2 114. Ra3 Re1 115. Ra5+ Ke4 116. Ra8 Rg1+ 117. Kf2 Rg7 118. Ra4+ Kf5 119. Ra5+ Ke6 120. Ra6+ Kd5 121. Ra5+ Ke4 122. Ra4+ Kd3 123. Ra3+ Kc4 124. Ra4+ Kb3 125. Rf4 Kc3 126. Rf3+ Kd4 127. Rf6 Rg5 128. Rf3 Ke4 129. Rf8 Re5 130. Rf3 Ra5 131. Re3+ Kf4 132. Rf3+ Kg4 133. Rg3+ Kh4 134. Re3 Ra2+ 135. Re2 Ra4 136. Ke3 Kg3 137. Kd3 Ra3+ 138. Kd4 Kf3 139. Re8 Ra4+ 140. Kd3 Rf4 141. Re3+ Kf2 142. Re2+ 1/2-1/2

[Event "*** Titled Tuesday Blitz"]
[Site "Chess.com"]
[Date "2021.03.02"]
[Round "9"]
[White "mishanick"]
[Black "Hikaru"]
[Result "1/2-1/2"]
[WhiteElo "3031"]
[BlackElo "3240"]
[TimeControl "180+1"]
[EndTime "11:41:23 PST"]
[Termination "Game drawn by agreement"]

1. d4 Nf6 2. c4 e6 3. Nc3 Bb4 4. Qc2 O-O 5. e4 d5 6. e5 Ne4 7. Bd3 c5 8. Nf3 cxd4 9. Nxd4 Nd7 10. Bf4 Qh4 11. g3 Qh5 12. O-O g5 13. cxd5 Bxc3 14. bxc3 exd5 15. e6 gxf4 16. exd7 Bxd7 17. Bxe4 dxe4 18.
Qxe4 fxg3 19. fxg3 b6 1/2-1/2

[Event "*** Titled Tuesday Blitz"]
[Site "Chess.com"]
[Date "2021.03.02"]
[Round "9"]
[White "suneebaker"]
[Black "WcmDominicToretto"]
[Result "1-0"]
[WhiteElo "2150"]
[BlackElo "1906"]
[TimeControl "180+1"]
[EndTime "11:42:45 PST"]
[Termination "suneebaker won by resignation"]

1. e4 e5 2. Nf3 Nc6 3. Bc4 Bc5 4. d4 Bxd4 5. Nxd4 Nxd4 6. O-O Nf6 7. Bg5 h6 8. Bh4 a6 9. f4 b5 10. fxe5 g5 11.
Qxd4 Nh5 12. Bxf7+ Ke7 13. Bxh5 gxh4 1-0

[Event "*** Titled Tuesday Blitz"]
[Site "Chess.com"]
[Date "2021.03.02"]
[Round "9"]
[White "KarateBaby"]
[Black "Fortitudine"]
[Result "0-1"]
[WhiteElo "2210"]
[BlackElo "2329"]
[TimeControl "180+1"]
[EndTime "11:43:04 PST"]
[Termination "Fortitudine won by resignation"]

1. Nf3 c5 2. c4 Nf6 3. Nc3 Nc6 4.
e3 g6 5. d4 cxd4 6. exd4 d5 7.
cxd5 Nxd5 8. Bc4 Nxc3 9. Qb3 Nd5 10. Bxd5 e6 11. Bg5 Qa5+ 0-1

[Event "*** Titled Tuesday Blitz"]
[Site "Chess.com"]
[Date "2021.03.02"]
[Round "9"]
[White "AlexPapasimakopoulos"]
[Black "GoltsevDmitry2000"]
[Result "1-0"]
[WhiteElo "2620"]
[BlackElo "2731"]
[TimeControl "180+1"]
[EndTime "11:43:05 PST"]
[Termination "AlexPapasimakopoulos won by resignation"]

1. d4 Nf6 2. c4 e6 3. Nc3 Bb4 4. Qc2 Qe7 5. a3 Bxc3+ 6. Qxc3 b6 7. f3 Bb7 8. e4 d6 9. Bd3 e5 10. d5 a5 11. b3 Nbd7 12. Ne2 h6 13. O-O g5 14.
Ng3 Nc5 15. Bc2 Bc8 16. Be3 h5 17. b4 Nb7 18. Bxg5 h4 19. Nf5 Bxf5 20. exf5 Kd7 21. Ba4+ Kc8 22. Bc6 Ra7 23. f4 exf4 24. Bxf6 Qe2 25.
Rae1 Qg4 26. Bxh8 axb4 27. Re8+ Nd8 28. Bf6 1-0

[Event "*** Titled Tuesday Blitz"]
[Site "Chess.com"]
[Date "2021.03.02"]
[Round "9"]
[White "gumimis"]
[Black "aljado"]
[Result "0-1"]
[WhiteElo "2290"]
[BlackElo "2152"]
[TimeControl "180+1"]
[EndTime "11:43:26 PST"]
[Termination "aljado won by resignation"]

1. e4 c5 2. Nf3 e6 3. d4 cxd4 4.
Nxd4 Bc5 5. Nb3 Bb6 6. c4 Nc6 7. Nc3 Nge7 8. Be2 O-O 9. O-O f5 10. exf5 Nxf5 11. Bf3 Qe8 12. Bxc6 bxc6 13. Ne4 d5 14. cxd5 exd5 15. Ng5 Qg6 16. Qd3 a5 17. a4 Ba6 18. Qc3 Bxf1 19. Kxf1 Rae8 20. Bd2 Nd6 21.
Nf3 Ne4 22. Qd3 Ng3+ 0-1

[Event "*** Titled Tuesday Blitz"]
[Site "Chess.com"]
[Date "2021.03.02"]
[Round "9"]
[White "BahadirOzen"]
[Black "skoularikii"]
[Result "1/2-1/2"]
[WhiteElo "2768"]
[BlackElo "2549"]
[TimeControl "180+1"]
[EndTime "11:43:28 PST"]
[Termination "Game drawn by agreement"]

1. g3 d5 2. Bg2 Nf6 3. d3 g6 4. Nf3 Bg7 5. O-O O-O 6. Nbd2 Nc6 7. c3 e5 8. Qc2 a5 9. b3 h6 10. Bb2 Be6 11. a3 Re8 12. e4 dxe4 13. dxe4 Nd7 14. b4 axb4 15. axb4 Nb6 16. Rxa8 Qxa8 17. Ra1 Qc8 18.
b5 Nd8 19. c4 Nd7 20. c5 Bg4 21. h3 Bxf3 22. Bxf3 1/2-1/2

[Event "*** Titled Tuesday Blitz"]
[Site "Chess.com"]
[Date "2021.03.02"]
[Round "9"]
[White "Eloist"]
[Black "SimplyDevina"]
[Result "1-0"]
[WhiteElo "2319"]
[BlackElo "2169"]
[TimeControl "180+1"]
[EndTime "11:43:31 PST"]
[Termination "Eloist won by resignation"]

1. e4 d5 2. exd5 Qxd5 3. Nc3 Qd6 4. d4 Nf6 5. Nf3 c6 6. Ne5 Bf5 7. Bf4 Qd8 8. g4 Be4 9. Nxe4 Nxe4 10. Bg2 Nf6 11. c3 e6 12. Qb3 Qb6 13. Nc4 Qxb3 14. axb3 Nxg4 15. Nb6 1-0

[Event "*** Titled Tuesday Blitz"]
[Site "Chess.com"]
[Date "2021.03.02"]
[Round "9"]
[White "IriBu"]
[Black "K_A_S_T_O_R"]
[Result "0-1"]
[WhiteElo "2546"]
[BlackElo "2761"]
[TimeControl "180+1"]
[EndTime "11:43:35 PST"]
[Termination "K_A_S_T_O_R won by resignation"]

1. e4 c5 2. Be2 Nc6 3. f4 g6 4. Nf3 Bg7 5. O-O e6 6. c3 d5 7.
e5 d4 8. d3 Nge7 9. cxd4 Nxd4 10. Be3 Nef5 11. Bf2 O-O 12. Nc3 b6 13. g4 Nxe2+ 14.
Qxe2 Ne7 15. Ne4 Ba6 16. Rad1 Qd5 17. Bh4 Nc6 18. Nf6+ Bxf6 19. Bxf6 Bb7 20. Qf2 Nd4 21. Kg2 Nxf3 22. Kg3 Nd4 23. Rde1 h6 24. Re3 Kh7 25.
h4 h5 26. Re4 Rg8 27. Kh3 hxg4+ 28. Kxg4 Nf5 29. Kh3 Qxd3+ 0-1

[Event "*** Titled Tuesday Blitz"]
[Site "Chess.com"]
[Date "2021.03.02"]
[Round "9"]
[White "salomez"]
[Black "niki_2003"]
[Result "0-1"]
[WhiteElo "2202"]
[BlackElo "2029"]
[TimeControl "180+1"]
[EndTime "11:43:35 PST"]
[Termination "niki_2003 won by resignation"]

1. e4 c6 2. d4 d5 3. Nc3 dxe4 4. Nxe4 Nf6 5. Nxf6+ exf6 6. Nf3 Bd6 7. Be3 Bf5 8. Bd3 Bxd3 9. Qxd3 O-O 10. O-O-O Nd7 11. h4 Rc8 12. h5 Qc7 13. g3 Rfe8 14. Nh4 Re6 15. Nf5 Rce8 16. Nxd6 Qxd6 17. c4 Qc7 18. Kb1 a6 19. Bf4 Qb6 20. d5 Re2 21. Bc1 Nc5 22. Qa3 Rxf2 23. Be3 Rxe3 0-1